 Dungeon Crawl Stone Soup version 0.29.0-4-gdea44cf6ec (webtiles) character file.

Game seed: 4311726237831721879

161 qw the Chopper (level 5, 0/30 HPs)
             Began as a Tengu Warper on Aug 28, 2022.
             Slain by an orc
             ... wielding a +2 vorpal trident
              (2 damage)
             ... on level 3 of the Dungeon.
             The game lasted 00:00:15 (2937 turns).

qw the Chopper (Tengu Warper)                       Turns: 2937, Time: 00:00:16

Health: 0/30       AC:  6    Str: 13    XL:     5   Next: 42%
Magic:  9/9        EV: 11    Int: 14    God:
Gold:   129        SH:  0    Dex: 13    Spells: 8/8 levels left

rFire   . . .      SeeInvis .   Y - +0 hand axe
rCold   . . .      Faith    .   (no shield)
rNeg    . . .      Spirit   .   c - +0 scale mail
rPois   .          Reflect  .   (helmet restricted)
rElec   .          Harm     .   (no cloak)
rCorr   .          Rampage  .   (no gloves)
Will    .....                   (boots unavailable)
Stlth   ..........              (no amulet)
HPRegen 0.10/turn               (no ring)
MPRegen 0.11/turn               (no ring)

@: flying quickly and evasively, quick
A: beak, talons 3, nimble flight
a: no special abilities


You were on level 3 of the Dungeon.
You visited 1 branch of the dungeon, and saw 3 of its levels.

You collected 129 gold pieces.


Innate Abilities, Weirdness & Mutations

You have a beak for a mouth.
You have claws for feet.
Your magical nature lets you fly swiftly and evasively.


   Skills:
 - Level 2.0 Fighting
 + Level 6.0 Axes
 - Level 1.0 Throwing
 - Level 1.1 Armour
 - Level 2.1 Dodging
 - Level 2.0 Spellcasting
 - Level 2.4 Translocations


You had 8 spell levels left.
You didn't know any spells.
Your spell library contained the following spells:

 Spells                   Type           Power      Damage    Failure   Level
 Blink                    Tloc           16%        N/A       54%         2
 Gell's Gravitas          Tloc           8%         N/A       78%         3
 Lesser Beckoning         Tloc           8%         N/A       78%         3
 Teleport Other           Tloc           8%         N/A       78%         3
 Manifold Assault         Tloc           8%         N/A       100%        5

Inventory:

Hand Weapons
 k - a +0 whip
 Y - a +0 hand axe (weapon)
Armour
 c - a +0 scale mail (worn)
Potions
 a - a potion of haste
 h - a potion of curing

Dungeon Overview and Level Annotations

Branches:
Dungeon (3/15)

Altars:

Annotations:
D:2 1 runed translucent door, Crazy Yiuf


Message History

You peck the orc priest, but do no damage.
The orc priest is severely wounded.
The orc priest hits you with a +0 dagger.
You hit the orc priest.
You kill the orc priest!
Your Axes skill increases to level 6!
You start resting.
HP restored.
You see here a +0 dagger. 2 orcs come into view.
An orc is wielding a +2 vorpal trident.
The orc shouts! x2
Enter note:
There is an open door here.
You hit the orc but do no damage. Your peck misses the orc.
The orc hits you with a +0 mace.
The orc drinks a potion.
The orc seems to grow stronger.
You barely miss the orc. You claw the orc.
The orc is moderately wounded.
The orc hits you but does no damage. The orc barely misses you.
You barely miss the orc.
The orc is moderately wounded.
The orc misses you. The orc barely misses you.
You barely miss the orc. You claw the orc. Your peck misses the orc.
The orc is heavily wounded.
The orc hits you with a +0 mace.
The orc hits you from afar with a +2 vorpal trident.
You hit the orc. Your kick misses the orc.
The orc is severely wounded.
The orc drinks a potion.
The orc is healed!
The orc barely misses you.
You completely miss the orc. You claw the orc.
The orc is severely wounded.
The orc hits you but does no damage.
The orc hits you from afar with a +2 vorpal trident!
You hit the orc.
You kill the orc!
The orc hits you from afar with a +2 vorpal trident.
The orc misses you.
You barely miss the orc.
The orc hits you with a +2 vorpal trident.
You die...

#.#.#.#.#)#####..#
#.#.#.#.#.# #...#
##.........# ##..#
..####.##### ##.#
#.# #.<# #.# #.#
#.## #.# #.# #.
##'## #.# #.
##...## #.# #.
#)@...# ..#
#..o....# #####
#.........# ._...
.'.........'.
####.
###.........###
##.......##
##.....## ##...##


You could see an orc (strong).

Vanquished Creatures
  An orc priest (D:3)
  7 adders (D:2)
  A worm (D:2)
  3 dart slugs (D:1)
  2 orcs (D:3)
  7 ball pythons
  3 endoplasms (D:2)
  3 giant cockroaches
  4 hobgoblins
  6 jackals
  3 quokkas
  4 bats (D:1)
  2 frilled lizards
  3 goblins
  5 kobolds
  4 rats
58 creatures vanquished.

Notes
Turn   | Place    | Note
-------+----------+-------------------------------------------
     0 | D:1      | qw the Tengu Warper began the quest for the Orb.
     0 | D:1      | Reached XP level 1. HP: 12/12 MP: 4/4
     0 | D:1      | 0 ||| qw: Version: 0.1-a-89-g26bdef1
     0 | D:1      | 0 ||| qw: Game counter: 2427
     0 | D:1      | 0 ||| qw: Always use a shield: true
     0 | D:1      | 0 ||| qw: God list: Okawaru
     0 | D:1      | 0 ||| qw: Allow faded altars: false
     0 | D:1      | 0 ||| qw: Do Orc after D:15 true
     0 | D:1      | 0 ||| qw: Do second Lair branch before Depths: true
     0 | D:1      | 0 ||| qw: Lair rune preference: random
     0 | D:1      | 0 ||| qw: Plans: Normal
     0 | D:1      | 0 ||| PLANNING D:1-11
   247 | D:1      | 247 ||| Stepping ~*~*~tactically~*~*~ (hiding).
   256 | D:1      | Reached skill level 3 in Axes
   256 | D:1      | Reached XP level 2. HP: 17/17 MP: 6/6
   420 | D:1      | 420 ||| Stepping ~*~*~tactically~*~*~ (stealth).
   423 | D:1      | 423 ||| Stepping ~*~*~tactically~*~*~ (stealth).
   704 | D:1      | Reached XP level 3. HP: 17/21 MP: 7/7
   777 | D:1      | 777 ||| DROPPING +0 club.
   946 | D:1      | 946 ||| READING scroll labelled ZOCZUD GENWEP.
   947 | D:1      | 947 ||| READING scroll labelled BAIGHUO FUTA.
   948 | D:1      | 948 ||| READING scroll labelled REOSTR AMEL.
   949 | D:1      | 949 ||| READING scroll labelled MAOFRO CUHO.
   950 | D:1      | 950 ||| READING scroll labelled HIROTTOAWO.
   951 | D:1      | 951 ||| DROPPING scroll of blinking.
   952 | D:1      | 952 ||| Stepping randomly (stuck).
   953 | D:1      | 953 ||| Stepping ~*~*~tactically~*~*~ (cloud).
   959 | D:1      | HP: 5/21 [poisoned by you (poison gas)]
   962 | D:1      | HP: 2/21 [poisoned by you (poison gas)]
  1389 | D:2      | Reached skill level 4 in Axes
  1573 | D:2      | Reached XP level 4. HP: 21/26 MP: 8/8
  1775 | D:2      | Reached skill level 5 in Axes
  1775 | D:2      | 1775 ||| Stepping ~*~*~tactically~*~*~ (stealth).
  1812 | D:2      | 1812 ||| FLEEEEING.
  1813 | D:2      | 1813 ||| FLEEEEING.
  1834 | D:2      | 1834 ||| FLEEEEING.
  1837 | D:2      | 1837 ||| FLEEEEING.
  1850 | D:2      | 1850 ||| FLEEEEING.
  1852 | D:2      | 1852 ||| STAIRDANCE
  1901 | D:1      | 1901 ||| UPGRADING to +0 scale mail.
  1911 | D:1      | 1911 ||| DROPPING +0 leather armour.
  1912 | D:1      | 1912 ||| DRINKING 2 purple potions.
  2096 | D:2      | Gained mutation: Your magical nature lets you fly swiftly
                  | and evasively. [Tengu growth]
  2096 | D:2      | Reached XP level 5. HP: 30/30 MP: 9/9
  2258 | D:2      | Found a runed translucent door.
  2259 | D:2      | Noticed Crazy Yiuf
  2560 | D:2      | 2560 ||| READING scroll labelled BECRUKAEFO.
  2618 | D:3      | Found a faded altar of an unknown god.
  2651 | D:3      | 2651 ||| Stepping ~*~*~tactically~*~*~ (hiding).
  2654 | D:3      | 2654 ||| Stepping ~*~*~tactically~*~*~ (hiding).
  2665 | D:3      | HP: 7/30 [orc priest/+0 dagger (3)]
  2669 | D:3      | Reached skill level 6 in Axes
  2934 | D:3      | HP: 5/30 [orc/+2 vorpal trident (4)]
  2935 | D:3      | HP: 2/30 [orc/+2 vorpal trident (1)]
  2937 | D:3      | Slain by an orc

Levels and vault maps discovered:
D:1:      ncdulo_watergridlock, layout_basic
D:2:      layout_basic, st_stairs_9, uniq_crazy_yiuf_cottage
D:3:      layout_loops_corners, nicolae_ru_awakened_eye,
          fedhas_altar_fruit_tree, serial_shops, nicolae_shop_stone,
          basic_ecumenical_altar

Skill      XL: |  1  2  3  4  5 |
---------------+----------------+-----
Axes           | 3 4 5 6 |  6.0
Fighting       | |  2.0
Throwing       | |  1.0
Armour         | |  1.1
Dodging        | |  2.1
Spellcasting   | |  2.0
Translocations | |  2.4

Action                   |  1- 3 |  4- 6 || total
-------------------------+-------+-------++-------
Melee: Hand axe          |    67 |    86 ||   153
       Kick              |    19 |    21 ||    40
       Peck              |     9 |    13 ||    22
       Punch             |     1 |       ||     1
Throw: Boomerang         |     7 |       ||     7
  Use: Scroll            |     5 |     1 ||     6
       Potion            |       |     1 ||     1
Armor: Leather armour    |    22 |     4 ||    26
       Scale mail        |       |    27 ||    27
Dodge: Dodged            |    36 |    42 ||    78

Table legend:
 A = Non-vault XP
 B = Vault XP
 C = Vault XP percentage of total XP
 D = Non-vault monster count
 E = Vault monster count
 F = Vault count percentage of total count
                 A         B        C        D         E       F
            +---------+---------+-------+---------+---------+-------
      Total |     228 |       3 |   1.3 |      56 |       2 |   3.4
            +---------+---------+-------+---------+---------+-------
        D:1 |      40 |       0 |   0.0 |      21 |       0 |   0.0
        D:2 |     137 |       3 |   2.1 |      30 |       2 |   6.2
        D:3 |      51 |       0 |   0.0 |       5 |       0 |   0.0
            +---------+---------+-------+---------+---------+-------
